 Dungeon Crawl Stone Soup version 0.30-a0-989-g0d87f670db (webtiles) character file.

Game seed: 10395581830625108625

209 112233 the Conjurer (level 5, -2/35 HPs)
             Began as a Demonspawn Conjurer on Apr 3, 2023.
             Frozen to death by an endoplasm (4 damage)
             ... in a sewer.
             The game lasted 00:02:14 (2079 turns).

112233 the Conjurer (Demonspawn Conjurer)           Turns: 2079, Time: 00:02:14

Health: -2/35      AC:  3    Str:  7    XL:     5   Next: 55%
Magic:  8/9        EV: 12    Int: 22    God:
Gold:   133        SH:  0    Dex: 11    Spells: 7/10 levels left

rFire   . . .      SeeInvis .    m - +0 dagger (venom)
rCold   . . .      Faith    .    j - orb {light}
rNeg    . . .      Spirit   .    a - +0 robe
rPois   .          Reflect  .    (helmet restricted)
rElec   .          Rampage  .    (no cloak)
rCorr   .                        l - +0 pair of gloves
Will    .....                    (no boots)
Stlth   +                        (no amulet)
HPRegen 0.25/turn                (no ring)
MPRegen 0.22/turn                (no ring)

@: lethally poisoned (-2 -> -17), slowed, glowing, very slow
A: antennae 2, magic regeneration
a: no special abilities


You were in a sewer.
You visited 1 branch of the dungeon, and saw 3 of its levels.
You also visited: Sewer.

You collected 133 gold pieces.

Inventory:

Hand Weapons
 m - a +0 dagger of venom (weapon)
Armour
 a - a +0 robe (worn)
 j - an orb of light (worn)
 l - a +0 pair of gloves (worn)
Scrolls
 b - a scroll of noise {unknown}
 c - 2 scrolls of summoning {unknown}
 d - a scroll of silence {unknown}
 e - a scroll of amnesia {unknown}
 h - a scroll of brand weapon {unknown}
 i - a scroll of magic mapping {unknown}
 k - a scroll of fog {unknown}
 n - a scroll of fear {unknown}
Potions
 f - 2 potions of attraction {unknown}
 g - 2 potions of curing {unknown}


   Skills:
 + Level 3.0 Dodging
 + Level 3.1 Stealth
 + Level 3.1 Spellcasting
 + Level 4.9 Conjurations


You had 7 spell levels left.
You knew the following spells:

 Your Spells              Type           Power      Damage    Failure   Level
a - Magic Dart            Conj           100%       1d8       1%          1
b - Searing Ray           Conj           50%        2d6       2%          2

Your spell library contained the following spells:

 Spells                   Type           Power      Damage    Failure   Level
 Apportation              Tloc           6%         N/A       12%         1
 Necrotise                Necr           12%        1d4       12%         1
 Summon Small Mammal      Summ           12%        N/A       12%         1
 Dazzling Flash           Conj/Hex       28%        N/A       13%         3
 Inner Flame              Hex/Fire       3%         N/A       36%         3
 Flame Wave               Conj/Fire      14%        2d6       41%         4
 Fulminant Prism          Conj/Hex       7%         3d7       41%         4
 Iskenderun's Mystic Bla  Conj/Tloc      14%        2d5       41%         4
 Malign Gateway           Summ/Tloc      1%         N/A       100%        7


Dungeon Overview and Level Annotations

Branches:
Dungeon (3/15)              Sewer (1/1)

Altars:

Shops:
D:3 (


Innate Abilities, Weirdness & Mutations

You have a pair of antennae on your head.
You regenerate magic rapidly.


Message History

An endoplasm and a kobold brigand come into view.
The kobold brigand is wielding a +0 whip and quivering curare-tipped darts.
The kobold brigand shouts!
The kobold brigand throws a curare-tipped dart.
The curare-tipped dart closely misses you.
The endoplasm jiggles.
Unknown command.
There are monsters nearby!
The kobold brigand throws a curare-tipped dart.
The curare-tipped dart hits you.
You are poisoned.
You have difficulty breathing.
You feel yourself slow down.
You feel very sick.
The kobold brigand throws a curare-tipped dart.
The curare-tipped dart hits you.
You are lethally poisoned!
You have difficulty breathing.
* * * LOW HITPOINT WARNING * * *
You feel as though you will be slow longer.
The endoplasm freezes you.
You are frozen.
* * * LOW HITPOINT WARNING * * *
The endoplasm closely misses you.
You are too injured to fight recklessly!
There is a lethal amount of poison in your body!
You are too injured to fight recklessly!
Unknown command.
There is a lethal amount of poison in your body!
Casting: Magic Dart (safe; 1% risk of failure)
Confirm with . or Enter, or press ? or * to list all spells.
Aiming: Magic Dart (safe; 1% risk of failure)
Press: ? - help, Shift-Dir - straight line, f - endoplasm
Aim: an endoplasm (haloed, 100% to hit)
The magic dart hits the endoplasm.
The endoplasm is heavily wounded.
* * * LOW HITPOINT WARNING * * *
You feel very sick. The endoplasm freezes you.
You are frozen.
You die...

##...#
#.~~#
#...#
##~.~##
#~.~~.#
#~###~#
#~# #~#
##~###~##
#~~~#~@.#
#~#~#J#K#
#~#~#~ ~#
#~#~#~ ~#
#.#.#. .#
###### ##


You could see a kobold brigand and an endoplasm.

Vanquished Creatures
  A kobold brigand (Sewer)
  7 adders
  4 worms
  6 bats
  10 endoplasms
  3 giant cockroaches (D:3)
  A hobgoblin (D:1)
  4 jackals (D:1)
  3 kobolds
  8 quokkas
  3 ball pythons
  3 frilled lizards
  8 goblins
  3 rats (D:2)
64 creatures vanquished.

Notes
Turn   | Place    | Note
-------+----------+-------------------------------------------
     0 | D:1      | 112233 the Demonspawn Conjurer began the quest for the Orb.
     0 | D:1      | Reached XP level 1. HP: 13/13 MP: 3/3
   200 | D:1      | Gained mutation: You regenerate magic rapidly. [demonic
                  | ancestry]
   200 | D:1      | Reached XP level 2. HP: 8/19 MP: 0/5
   279 | D:1      | Learned a level 2 spell: Searing Ray
   829 | D:2      | Got the Catalogue of the Voyage and the Torch
   873 | D:2      | Gained mutation: You have a pair of small antennae on your
                  | head. [demonic ancestry]
   873 | D:2      | Reached XP level 3. HP: 24/24 MP: 4/6
  1167 | D:2      | Reached XP level 4. HP: 30/30 MP: 3/7
  1595 | D:3      | Found Xaibbuh's Antique Weapon Boutique.
  1625 | D:3      | Found a glowing drain.
  1638 | Sewer    | Entered a sewer
  1932 | Sewer    | Noticed a kobold brigand
  1946 | Sewer    | Killed a kobold brigand
  1947 | Sewer    | Gained mutation: You have a pair of antennae on your head.
                  | [demonic ancestry]
  1947 | Sewer    | Reached XP level 5. HP: 30/35 MP: 1/9
  2079 | Sewer    | Frozen to death by an endoplasm

Illustrated notes

Levels and vault maps discovered:
D:1:      onia_arrival_mini_spirals, layout_rooms
D:2:      minmay_inner_zag, layout_basic, serial_rivers,
          chequers_serial_rivers_marsh, chequers_serial_rivers_marsh,
          chequers_serial_rivers_small_b, chequers_serial_rivers_micro_c
D:3:      layout_rooms, mainiacjoe_overflow_tiny_flanked, gup_sewer_entry_pipe,
          serial_shops, nicolae_shop_statue_plus, grunt_decor_mini_mirrors,
          hellmonk_no_cap
Sewer:    sewer_co_tree

Skill      XL: |  1  2  3  4 |
---------------+-------------+-----
Dodging        | 2 3 |  3.0
Stealth        | 2 3 |  3.1
Spellcasting   | 3 |  3.1
Conjurations   | |  4.9

Action                     |  1- 3 |  4- 6 || total
---------------------------+-------+-------++-------
  Melee: Unarmed           |    24 |     2 ||    26
         Dagger            |       |     4 ||     4
   Cast: Magic Dart        |    83 |    76 ||   159
         Searing Ray       |     1 |     1 ||     2
    Use: Potion            |     1 |       ||     1
   Stab: Distracted        |       |     1 ||     1
 Armour: Robe              |     3 |     4 ||     7
  Dodge: Dodged            |    32 |    14 ||    46

Table legend: (Time is in decaauts)
 A = Elapsed time spent in this place.
 B = Non-inter-level travel time spent in this place.
 C = Inter-level travel time spent in this place.
 D = Time resting spent in this place.
 E = Time spent auto-exploring this place.
 F = Levels seen in this place.
 G = Mean time per level.
                   A        B        C        D        E       F      G
               +--------+--------+--------+--------+--------+-----+--------+
         Total |   2152 |   2071 |     81 |      0 |   1659 |   4 |  538.0 |
       Dungeon |   1650 |   1569 |     81 |      0 |   1237 |   3 |  550.0 |
         Sewer |    501 |    501 |      0 |      0 |    421 |   1 |  501.0 |
               +--------+--------+--------+--------+--------+-----+--------+

Top non-repeatable levels by time:
     D:2: 810 daAuts
     D:1: 688 daAuts
   Sewer: 501 daAuts
     D:3: 152 daAuts
